Get step-by-step instructions on how to execute this build order below. Start the game timer, and the build order will tick by so you can play in parallel with StarCraft on a second screen or mobile device.

Game Time

  0:00

Last Step

  N/A

Next Step

  12  0:00  SCV  

Upcoming Step

  13  0:12  SCV  

Don't want to look back and forth between 2 screens? Try out our Overwolf App, the Spawning Tool Build Advisor to get an in-game overlay with this build!

Complete Build Order

  12  0:00  SCV  
  13  0:12  SCV  
  14  0:18  Supply Depot  
  14  0:24  SCV  
  15  0:40  SCV  
  15  0:42  Barracks  
  16  0:44  Refinery  
  16  0:52  SCV  
  17  0:59  Barracks  
  17  1:04  SCV  
  18  1:16  SCV  
  19  1:28  Reaper  
  19  1:29  Orbital Command  
  19  1:32  Supply Depot  
  20  1:46  Reaper  
  21  1:54  SCV  
  22  2:03  Reaper  
  22  2:07  SCV, Bunker  
  24  2:12  Supply Depot  
  24  2:17  Bunker  
  24  2:18  Marine  
  24  2:19  SCV  
  26  2:31  SCV  
  26  2:36  Marine  
  28  2:39  Marine  
  28  2:42  Factory  
  28  2:43  SCV  
  29  2:55  Command Center  
  29  2:56  SCV, Marine  
  31  3:03  Barracks Tech Lab  
  31  3:05  Refinery  
  31  3:08  SCV  
  32  3:14  Marine  
  33  3:20  SCV  
  33  3:22  Marine  
  35  3:27  Cyclone  
  35  3:32  Marine  
  35  3:34  Concussive Shells  
  38  3:40  Supply Depot  
  38  3:46  Marauder  
  38  3:51  SCV  
  39  4:01  Marine  
  40  4:04  Cyclone  
  40  4:08  Marauder  
  37  4:13  Orbital Command  
  31  4:19  Marine  
  31  4:28  SCV  
  31  4:29  Marine  
  36  4:39  SCV  
  36  4:40  SCV